 Dungeon Crawl Stone Soup version 0.26-a0-665-gefeb406119 (webtiles) character file.

Game seed: 14554887475733497757

1344 BruhMomento the Ducker (level 8, -3/48 HPs)
             Began as an Octopode Transmuter on Oct 14, 2020.
             Was an Initiate of Cheibriados.
             Slain by an ice beast (6 damage)
             ... on level 7 of the Dungeon.
             The game lasted 00:17:17 (6533 turns).

BruhMomento the Ducker (Octopode Transmuter)        Turns: 6533, Time: 00:17:18

Health: -3/48      AC:  1    Str: 10      XL:     8   Next: 62%
Magic:  11/11      EV: 21    Int: 17      God:    Cheibriados [......]
Gold:   416        SH:  0    Dex: 14 (15) Spells: 2/11 levels left

rFire    . . .     SeeInvis .     - Unarmed
rCold    . . .     Faith    .   (no shield)
rNeg     . . .     Spirit   .   (helmet currently unavailable)
rPois    .         Reflect  .   A - amulet of magic regeneration
rElec    .         Harm     .   d - +4 ring of evasion
rCorr    .         Rampage  .   (no ring)
MR       .....                  (no ring)
Stlth    ++++......             (no ring)
HPRegen  0.16/turn              (no ring)
MPRegen  0.37/turn              (no ring)
                                (no ring)
                                (no ring)

@: appendages (expiring), very slow
A: almost no armour, stealthy swim, amphibious, 8 rings, constrict 8, tentacle
spike 3, camouflage 1, gelatinous body 1
a: End Transformation, Bend Time, Renounce Religion


You were on level 7 of the Dungeon.
You worshipped Cheibriados.
Cheibriados was noncommittal.
One of your tentacles had a temporary spike.
You visited 2 branches of the dungeon, and saw 8 of its levels.

You collected 416 gold pieces.

Inventory:

Armour
 l - a +0 cloak
 w - a scarf of repulsion
Jewellery
 d - a +4 ring of evasion (left tentacle)
 A - an amulet of magic regeneration (around mantle)
 C - a cursed -4 ring of strength {unknown}
Wands
 r - a wand of acid (9)
 B - a wand of polymorph (10)
 F - a wand of paralysis (8)
Scrolls
 c - 4 scrolls of fog {unknown}
 e - 3 scrolls of immolation {unknown}
 f - 2 scrolls of amnesia {unknown}
 g - 9 scrolls of identify {unknown}
 h - a scroll of blinking {unknown}
 i - 2 scrolls of noise {unknown}
 m - 5 scrolls of remove curse
 n - 2 scrolls of magic mapping {unknown}
 p - a scroll of enchant weapon {unknown}
 s - 2 scrolls of random uselessness {unknown}
 t - 2 scrolls of teleportation {unknown}
 v - a scroll of fear {unknown}
 x - a scroll of silence {unknown}
 y - a scroll of enchant armour {unknown}
Potions
 a - 2 potions of invisibility {unknown}
 b - 4 potions of heal wounds {unknown}
 j - 2 potions of curing {unknown}
 k - a potion of ambrosia {unknown}
 o - a potion of stabbing {unknown}
 q - a potion of mutation {unknown}
 u - a potion of flight {unknown}
 z - a potion of degeneration {unknown}
 D - 2 potions of resistance {unknown}
 E - a potion of cancellation {unknown}


   Skills:
 - Level 1.0 Fighting
 - Level 6.4 Dodging
 - Level 6.0 Stealth
 + Level 4.5 Unarmed Combat
 - Level 2.1 Spellcasting
 - Level 6.2 Transmutations


You had 2 spell levels left.
You knew the following spells:

 Your Spells              Type           Power        Failure   Level
a - Beastly Appendage     Tmut           ###...       1%          1
b - Blade Hands           Tmut           ###.......   38%         5
c - Spider Form           Tmut/Pois      ##........   16%         3

Your spell library contained the following spells:

 Spells                   Type           Power        Failure   Level
 Wereblood                Tmut           ###.....     2%          2
 Ice Form                 Ice/Tmut       ##......     47%         4


Dungeon Overview and Level Annotations

Branches:
Dungeon (7/15)             Temple (1/1) D:6

Altars:
Ashenzari
Cheibriados
Dithmenos
Elyvilon
Fedhas
Gozag
Hepliaklqana
Makhleb
Okawaru
Sif Muna
Uskayaw
Vehumet
Wu Jian
Yredelemnul
Zin
The Shining One

Shops:
D:5 [


Innate Abilities, Weirdness & Mutations

You cannot wear most types of armour.
You are very stealthy in the water. (Stealth+)
You are amphibious.
You can wear up to eight rings at the same time.
You can use your tentacles to constrict eight enemies at once.
Your skin changes colour to match your surroundings (Stealth+).
Your rubbery body absorbs attacks. (AC +1, EV +1)
One of your tentacles bears a large vicious spike.


Message History

You squeeze the ice beast, but do no damage.
The ice beast is moderately wounded.
The ice beast misses you.
You tentacle-slap the ice beast.
The ice beast is moderately wounded.
The ice beast hits you. The ice beast freezes you!
You are too injured to fight recklessly!
You are too injured to fight recklessly!
You are too injured to fight recklessly!
You fail to use your ability.
The ice beast hits you. The ice beast freezes you!
* * * LOW HITPOINT WARNING * * *
You are too injured to fight recklessly!
Your transformation is almost over.
The ice beast misses you.
You fail to use your ability.
The ice beast completely misses you. The ice beast hits you.
* * * LOW HITPOINT WARNING * * *
The ice beast freezes you.
You die...

......#### #..##
#......... ..... ... .
#.(....... .....# ... ..
##........ ....#### #.#
... #......###
...#..###.## ...#
#..#...## #.....##..#...##
.)###...#
##..............# .##
#..#######.........#.#....
..###......#....@Y.....###
##.
..##...#................##
..###..##...##.##........#
....#.......######......##
.......##..#######.....##
.....####.....#.###.....#
##..## #..#............##
#### ####.............#
###.#...##....#


You could see an ice beast.

Vanquished Creatures
  Sigmund (D:2)
  Eustachio (D:4)
  Edmund (D:5)
  2 ogres
  A water moccasin zombie (D:6)
  A scorpion (D:6)
  A howler monkey (D:6)
  A jelly (D:6)
  A quasit (D:6)
  A bullfrog skeleton (D:4)
  A gnoll shaman (D:7)
  A hound (D:6)
  2 centaur skeletons
  3 iguanas
  4 worker ants
  8 adders
  7 gnolls
  An ooze (D:2)
  An adder skeleton (D:4)
  2 worms (D:3)
  3 dart slugs
  4 leopard geckos
  10 orcs
  11 bats
  6 giant cockroaches
  6 goblins
  9 hobgoblins
  4 jackals
  7 kobolds
  2 quokkas
  4 ball pythons
  4 frilled lizards
  6 rats
117 creatures vanquished.

Notes
Turn   | Place    | Note
-------+----------+-------------------------------------------
     0 | D:1      | BruhMomento the Octopode Transmuter began the quest for the
                  | Orb.
     0 | D:1      | Reached XP level 1. HP: 13/13 MP: 3/3
   223 | D:1      | Reached XP level 2. HP: 18/18 MP: 5/5
   981 | D:2      | Reached XP level 3. HP: 14/23 MP: 4/6
  1407 | D:2      | Noticed Sigmund
  1418 | D:2      | Killed Sigmund
  1418 | D:2      | Reached skill level 5 in Dodging
  1418 | D:2      | Reached XP level 4. HP: 9/28 MP: 5/7
  1418 | D:2      | Reached XP level 5. HP: 11/33 MP: 5/8
  2215 | D:3      | Noticed an ogre
  2249 | D:3      | Killed an ogre
  2249 | D:3      | Reached XP level 6. HP: 28/38 MP: 7/9
  2256 | D:3      | Learned a level 5 spell: Blade Hands
  2260 | D:3      | Learned a level 3 spell: Spider Form
  3399 | D:4      | Reached skill level 1 in Stealth
  3459 | D:4      | Reached XP level 7. HP: 43/43 MP: 10/10
  3464 | D:4      | Noticed Eustachio
  3554 | D:4      | Killed Eustachio
  3620 | D:4      | Reached skill level 5 in Stealth
  3793 | D:4      | Found a hazy altar of Hepliaklqana.
  4032 | D:5      | Entered Level 5 of the Dungeon
  4480 | D:5      | Reached XP level 8. HP: 34/48 MP: 11/11
  4586 | D:5      | Noticed Edmund
  4600 | D:5      | Killed Edmund
  4770 | D:5      | Found Pepub's Antique Armour Shoppe.
  5037 | D:6      | Found a staircase to the Ecumenical Temple.
  5096 | D:6      | Reached skill level 5 in Transmutations
  5118 | Temple   | Entered the Ecumenical Temple
  5262 | Temple   | Became a worshipper of Cheibriados the Contemplative
  6533 | D:7      | Slain by an ice beast

Illustrated notes

Levels and vault maps discovered:
D:1:      kennysheep_arrival_seaside, layout_loops_ring
D:2:      layout_loops_cross, small_statue_intersection, uniq_sigmund
D:3:      layout_basic, st_stairs_11
D:4:      layout_cave_pools, nicolae_overflow_hidden_temple, uniq_eustachio
D:5:      layout_loops_ring, serial_shops, nicolae_shop_stone, uniq_edmund
D:6:      layout_cave_pods, minmay_temple_entry_statues_fountains
D:7:      layout_cave_pools
Temple:   nicolae_temple_x_marks_the_god

Skill      XL: |  1  2  3  4  5  6  7  8 |
---------------+-------------------------+-----
Dodging        | 3 5 6 |  6.4
Unarmed Combat | 4 |  4.5
Stealth        | 2 6 |  6.0
Transmutations | 3 6 |  6.2
Fighting       | |  1.0
Spellcasting   | |  2.1

Action                   |  1- 3 |  4- 6 |  7- 9 || total
-------------------------+-------+-------+-------++-------
Melee: Unarmed           |    78 |   159 |   173 ||   410
       Constrict         |    18 |    40 |    31 ||    89
       Tentacles         |     6 |    28 |    31 ||    65
       Kick              |     5 |     8 |    22 ||    35
       Punch             |     2 |     1 |     6 ||     9
 Cast: Beastly Appendage |     2 |     5 |    16 ||    23
       Spider Form       |       |       |     1 ||     1
  Use: Scroll            |     1 |       |       ||     1
 Stab: Sleeping          |     4 |     9 |    10 ||    23
Armor: Skin              |     4 |     5 |     3 ||    12
Dodge: Dodged            |    61 |   129 |   175 ||   365

Table legend: (Time is in decaauts)
 A = Elapsed time spent in this place.
 B = Non-inter-level travel time spent in this place.
 C = Inter-level travel time spent in this place.
 D = Time resting spent in this place.
 E = Time spent auto-exploring this place.
 F = Levels seen in this place.
 G = Mean time per level.
                   A        B        C        D        E       F      G
               +--------+--------+--------+--------+--------+-----+--------+
         Total |   6726 |   6413 |    313 |    167 |   5176 |   8 |  840.8 |
       Dungeon |   6576 |   6310 |    266 |    167 |   5077 |   7 |  939.4 |
        Temple |    149 |    103 |     46 |      0 |     99 |   1 |  149.0 |
               +--------+--------+--------+--------+--------+-----+--------+

Top non-repeatable levels by time:
     D:3: 1210 daAuts
     D:6: 1206 daAuts
     D:2: 1163 daAuts
     D:5: 966 daAuts
     D:1: 955 daAuts
     D:4: 681 daAuts
     D:7: 392 daAuts
  Temple: 149 daAuts
